 Dungeon Crawl Stone Soup version 0.29-b1-12-g9e2288ab2a (webtiles) character file.

Game seed: 7496401933765605682

137 mortz the Conjurer (level 5, -1/28 HPs)
             Began as a Deep Elf Conjurer on Aug 23, 2022.
             Killed by divine providence
             ... invoked by an orc priest
              (15 damage)
             ... on level 3 of the Dungeon on Aug 24, 2022.
             The game lasted 00:15:56 (3603 turns).

mortz the Conjurer (Deep Elf Conjurer)              Turns: 3603, Time: 00:15:56

Health: -1/28      AC:  2    Str:  4    XL:     5   Next: 0%
Magic:  7/12       EV: 13    Int: 25    God:
Gold:   164        SH:  0    Dex: 19    Spells: 7/10 levels left

rFire   . . .      SeeInvis .   a - +4 dagger (elec)
rCold   . . .      Faith    .   (no shield)
rNeg    . . .      Spirit   .   c - +0 robe
rPois   .          Reflect  .   (no helmet)
rElec   .          Harm     .   (no cloak)
rCorr   .          Rampage  .   (no gloves)
Will    .....                   (no boots)
Stlth   +++.......              (no amulet)
HPRegen 0.09/turn               d - +6 ring of dexterity
MPRegen 0.13/turn               (no ring)

@: no status effects
A: no striking features
a: no special abilities


You were on level 3 of the Dungeon.
You visited 1 branch of the dungeon, and saw 4 of its levels.

You collected 164 gold pieces.

Inventory:

Hand Weapons
 a - a +4 dagger of electrocution (weapon)
 f - a +0 short sword
 g - a +0 hand axe
 l - a +0 long sword
 o - a +1 dagger
Armour
 c - a +0 robe (worn)
 e - a +0 leather armour
 r - a +0 kite shield
Jewellery
 d - a +6 ring of dexterity (left hand)
Scrolls
 j - 2 scrolls of fog
Potions
 b - a potion of magic
 i - a potion of flight {unknown}
 m - 3 potions of heal wounds


   Skills:
 + Level 1.2 Short Blades
 + Level 2.5 Dodging
 * Level 5.1 Stealth
 + Level 3.3 Spellcasting
 + Level 5.3 Conjurations


You had 7 spell levels left.
You knew the following spells:

 Your Spells              Type           Power      Damage    Failure   Level
a - Magic Dart            Conj           100%       1d8       1%          1
b - Searing Ray           Conj           60%        2d6       1%          2

Your spell library contained the following spells:

 Spells                   Type           Power      Damage    Failure   Level
 Dazzling Flash           Conj/Hex       34%        N/A       10%         3
 Ensorcelled Hibernation  Hex/Ice        8%         N/A       14%         2
 Passwall                 Tmut/Erth      3%         N/A       14%         2
 Swiftness                Air            4%         N/A       28%         3
 Fulminant Prism          Conj/Hex       8%         3d7       32%         4
 Iskenderun's Mystic Bla  Conj/Tloc      17%        2d5       32%         4


Dungeon Overview and Level Annotations

Branches:
Dungeon (4/15)             Temple (0/1) D:4

Altars:
Elyvilon
Kikubaaqudgha
Xom

Shops:
D:3 *


Message History

The orc priest calls upon Beogh to heal something.
A wight comes into view. It is wielding a +0 long sword.
The hobgoblin attacks as you move away! The hobgoblin completely misses you.
An orc comes into view. It is wielding a +0 club.
There is a stone staircase leading up here.
Casting: Searing Ray (safe; 1% risk of failure)
Confirm with . or Enter, or press ? or * to list all spells.
Aiming: Searing Ray (safe; 1% risk of failure)
Press: ? - help, Shift-Dir - straight line, f - orc priest
Aim: an orc priest, wielding a +0 club (79% to hit)
The searing ray hits the hobgoblin!
You kill the hobgoblin!
The searing ray hits the orc priest.
The orc priest is lightly wounded. (Press Numpad 5 to maintain the ray.)
The kobold throws a stone.
The stone closely misses you.
The searing ray hits the kobold!
You kill the kobold!
The searing ray misses the orc priest.
A wight comes into view. It is wielding a +0 flail.
An orc comes into view. It is wielding a +0 club.
You have reached level 5!
The searing ray misses the orc priest.
The orc priest casts a cantrip, but nothing happens.
A wight comes into view.
It is wielding a +2 great sword of protection.
The searing ray hits the orc priest!
The orc priest is severely wounded.
You finish channelling your searing ray.
The orc priest invokes the aid of Beogh against you.
Beogh smites you! The orc hits you but does no damage.
You climb upwards.
There is a stone staircase leading down here.
The orc hits you with a +0 club.
The orc priest casts a cantrip, but nothing happens.
The orc hits you with a +0 club.
The orc priest looks satisfied for a moment.
The orc priest mumbles some strange prayers to Beogh against you.
Beogh smites you!
Ouch! That really hurt!
You die...

#.......####.........##.###......
(..........'.........'..# #....##
#.###...####.........##.###.##.##
#.......# ##......<###..........
#####.### ##.....## ###.####..#
#.# ##...## #.##.[..# #.# ##'##
#.##.#..# #.# #.# #.##.##.#
###.### #@# #.##.##.# #.....#
##o## #>......#
#.....#######...## ####.####
#.........<...>..# #.#
#......###.#..o.## #.# #......#
#.#.#.###########.# ######.#
#.................# #.#
###.############### #.#####.#


You could see an orc priest and an orc.

Vanquished Creatures
  5 adders (D:3)
  3 worms
  A dart slug (D:1)
  6 orcs (D:3)
  4 bats
  3 endoplasms
  4 giant cockroaches
  9 hobgoblins
  6 jackals
  A quokka (D:3)
  6 ball pythons
  4 frilled lizards
  2 goblins
  11 kobolds
  5 rats
70 creatures vanquished.

Notes
Turn   | Place    | Note
-------+----------+-------------------------------------------
     0 | D:1      | mortz the Deep Elf Conjurer began the quest for the Orb.
     0 | D:1      | Reached XP level 1. HP: 10/10 MP: 6/6
   285 | D:1      | Found a faded altar of an unknown god.
   304 | D:1      | Reached XP level 2. HP: 15/15 MP: 6/8
   308 | D:1      | Learned a level 2 spell: Searing Ray
   954 | D:1      | Reached skill level 5 in Conjurations
  1148 | D:2      | Reached XP level 3. HP: 19/19 MP: 9/9
  1541 | D:2      | Found a shimmering altar of Xom.
  2308 | D:3      | Reached XP level 4. HP: 24/24 MP: 7/10
  2447 | D:3      | Found a white marble altar of Elyvilon.
  2840 | D:3      | Found an ancient bone altar of Kikubaaqudgha.
  3106 | D:3      | Reached skill level 5 in Stealth
  3153 | D:3      | Reached skill level 1 in Short Blades
  3160 | D:3      | Found Meomet's General Store.
  3590 | D:4      | Found a staircase to the Ecumenical Temple.
  3597 | D:4      | Reached XP level 5. HP: 28/28 MP: 8/12
  3603 | D:3      | Killed from afar by an orc priest

Illustrated notes

Levels and vault maps discovered:
D:1:      psy_arrival_terrarium, layout_basic, chequers_ecumenical_altar_island,
          serial_bayou_lake_a
D:2:      layout_basic, basic_altar
D:3:      layout_loops_corners, mainiacjoe_overflow_cross_hatched,
          mainiacjoe_overflow_concentric_impassable, serial_shops,
          nicolae_shop_crystal
D:4:      layout_rooms, minmay_temple_entry_sparse_star

Skill      XL: |  1  2  3  4 |
---------------+-------------+-----
Conjurations   | 5 |  5.3
Stealth        | 3 4 5 |  5.1
Short Blades   | 1 |  1.2
Dodging        | |  2.5
Spellcasting   | |  3.3

Action                   |  1- 3 |  4- 6 || total
-------------------------+-------+-------++-------
Melee: Dagger            |    14 |     4 ||    18
 Cast: Magic Dart        |    28 |     7 ||    35
       Searing Ray       |    19 |    13 ||    32
  Use: Scroll            |    10 |       ||    10
 Stab: Sleeping          |    13 |     3 ||    16
Armor: Robe              |     1 |     2 ||     3
Dodge: Dodged            |    13 |     8 ||    21
